 Dungeon Crawl Stone Soup version 0.19-a0-1155-gb6eeeff (webtiles) character file.

7623 JustSomeDude the Blocker (level 10, 0/81 HPs)
             Began as a Demonspawn Fighter on Aug 12, 2016.
             Was an Elder of Okawaru.
             Slain by a vampire (4 damage)
             ... on level 10 of the Dungeon on Aug 13, 2016.
             The game lasted 00:27:39 (8611 turns).

JustSomeDude the Blocker (Demonspawn Fighter)       Turns: 8611, Time: 00:27:39

Health: 0/81       AC:  9    Str: 20    XL:     10   Next: 98%
Magic:  0/12       EV: 12    Int:  6    God:    Okawaru [****..]
Gold:   476        SH: 12    Dex: 12    Spells: 0 memorised, 9 levels left

rFire  . . .     SeeInvis .     a - +0 trident
rCold  . . .     Gourm    .     b - +0 scale mail
rNeg   . . .     Faith    .     c - +1 shield
rPois  .         Spirit   +     A - +1 hat
rElec  .         Dismiss  .     (no cloak)
rCorr  .         Reflect  .     (no gloves)
MR     .....     Harm     .     (no boots)
Stlth  ..........               q - amulet of guardian spirit
                                (no ring)
                                (no ring)

@: drained
A: horns 2, rugged brown scales 1, dopey 2, high mp 2, spiny 1
a: Heroism, Renounce Religion


You were on level 10 of the Dungeon.
You worshipped Okawaru.
Okawaru was greatly pleased with you.
You were hungry.

You visited 1 branch of the dungeon, and saw 11 of its levels.

You collected 476 gold pieces.

Inventory:

Hand Weapons
 a - a +0 trident (weapon)
Armour
 b - a +0 scale mail (worn)
 c - a +1 shield (worn)
 A - a +1 hat (worn)
Jewellery
 o - an uncursed ring of wizardry {unknown}
 q - an amulet of guardian spirit (around neck)
 E - a cursed -3 ring of evasion {unknown}
 K - an uncursed ring of fire {unknown}
 L - an uncursed ring of positive energy {unknown}
Wands
 j - a wand of polymorph (6/24)
 n - a wand of iceblast (0/15)
 s - a wand of polymorph (8/24)
 F - a wand of enslavement (8/24)
 I - a wand of confusion (15/48)
 J - a wand of lightning (8/15)
Scrolls
 g - 10 scrolls of identify
 h - a scroll of fog {unknown}
 i - 3 scrolls of remove curse
 k - 4 scrolls of teleportation
 m - 2 scrolls of noise
 p - a scroll of recharging {unknown}
 r - 3 scrolls of amnesia
 u - 2 scrolls of enchant weapon {unknown}
 v - a scroll of immolation {unknown}
 w - a scroll of fear {unknown}
 y - 2 scrolls of magic mapping {unknown}
 H - 2 scrolls of enchant armour
Potions
 B - 5 potions of brilliance
 C - a potion of magic
Books
 d - a book of Annihilations

   Spells                             Type                      Level
   a - Poison Arrow                   Conjuration/Poison           6
   b - Chain Lightning                Conjuration/Air              8
   c - Lehudib's Crystal Spear        Conjuration/Earth            8
   d - Glaciate                       Conjuration/Ice              9
   e - Fire Storm                     Conjuration/Fire             9
 e - Sif Muna's Collected Works on Talismans
   (You found it on level 5 of the Dungeon)

   Spells                             Type                      Level
   a - Infusion                       Charms                       1
Comestibles
 f - 3 bread rations
 l - 4 meat rations
 t - 8 royal jellies
 x - 3 fruits
 z - 3 slices of pizza
 D - 3 beef jerkies


   Skills:
 + Level 7.5(7.2) Fighting
 + Level 6.8(6.5) Polearms
 + Level 7.2(6.9) Armour
 + Level 7.2(6.8) Dodging
 + Level 2.0(1.7) Stealth
 + Level 8.0(7.7) Shields


You had 9 spell levels left.
You didn't know any spells.

Dungeon Overview and Level Annotations

Branches:
Dungeon (11/15)            Temple (0/1) D:4            Lair (0/6) D:9
    Orc (0/2) D:9

Altars:
Gozag
Hepliaklqana
Kikubaaqudgha
Nemelex Xobeh
Okawaru
Pakellas
Qazlal
Sif Muna
Trog

Annotations:
D:10 Josephine
D:11 Duffy's ghost, journeyman MiGl


Innate Abilities, Weirdness & Mutations

You have a pair of horns on your head.
You are partially covered in rugged brown scales. (AC +1, +3% HP)
You are partially covered in sharp spines.
You are very dopey. (Int -4)
You have a considerably increased reservoir of magic. (+20% MP)


Message History

The vampire completely misses you. The vampire bites you!
* * * LOW HITPOINT WARNING * * *
The vampire draws strength from your injuries!
The adder is struck by your spines. The adder closely misses you.
You hit the vampire.
The vampire is moderately damaged.
The adder bites you but does no damage. You block the vampire's attack.
The vampire closely misses you.
You hit the vampire but do no damage. You headbutt the vampire.
The vampire is moderately damaged.
The adder is struck by your spines.
You kill the adder!
Okawaru accepts your kill. The vampire is struck by your spines.
The vampire hits you.
* * * LOW HITPOINT WARNING * * *
You block the vampire's attack.
You puncture the vampire!
The vampire is severely damaged.
You block the vampire's attack. The vampire bites you.
You die...

##############
#.............
#########.............
#.....................
#.....................
#.....................
#.....................
#............)@V......
#.....................
#.......#########.....
#.......# ....
##......# ... #......#
.. #......# . #......#
#......#


You could see a vampire.

Vanquished Creatures
  A hill giant (D:10)
  A two-headed ogre (D:8)
  Prince Ribbit (D:7)
  7 yaks (D:9)
  2 wraiths
  A hippogriff (D:7)
  A hungry ghost (D:7)
  A basilisk (D:9)
  A vampire mosquito (D:10)
  3 porcupines (D:9)
  A phantom (D:10)
  2 orc warriors
  7 ice beasts
  A sky beast (D:4)
  3 wasps (D:9)
  2 ogres
  3 centaurs
  3 crocodiles (D:9)
  2 gnoll sergeants
  7 giant frogs
  A jelly (D:7)
  3 scorpions
  5 wights (D:7)
  4 killer bees (D:10)
  2 howler monkeys (D:7)
  A quasit (D:8)
  6 crimson imps
  A centaur zombie (D:9)
  5 hounds
  2 orc priests (D:6)
  A centaur skeleton (D:9)
  4 iguanas
  6 orc wizards
  11 worker ants
  Natasha (twice) (D:4)
  2 killer bee zombies
  A hound zombie (D:5)
  A howler monkey zombie (D:9)
  A worker ant zombie (D:3)
  14 gnolls
  7 adders
  4 river rats (D:9)
  A shadow imp (D:7)
  An ooze (D:7)
  An adder skeleton (D:3)
  2 worms (D:2)
  6 giant geckos
  21 orcs
  3 ball pythons (D:1)
  8 giant cockroaches
  8 goblins
  7 hobgoblins
  4 jackals (D:3)
  9 kobolds
  A quokka (D:10)
  2 bats (D:3)
  A giant cockroach zombie (D:3)
  2 giant newts (D:4)
  A jackal zombie (D:3)
  A quokka zombie (D:3)
  4 rats
217 creatures vanquished.

Vanquished Creatures (others)
  A wizard (D:3)
  A lightning spire (D:4)
  4 bushes
  A fungus (D:9)
  4 plants (D:9)
11 creatures vanquished.

Grand Total: 228 creatures vanquished

Notes
Turn   | Place    | Note
-------+----------+-------------------------------------------
     0 | D:1      | JustSomeDude the Demonspawn Fighter began the quest for the Orb.
     0 | D:1      | Reached XP level 1. HP: 18/18 MP: 1/1
     0 | D:1      | Upgraded the game from 0.19-a0-1127-gac58878 to 0.19-a0-1155-gb6eeeff
    77 | D:1      | Reached skill level 3 in Shields
    77 | D:1      | Gained mutation: You have a pair of small horns on your head. [demonic ancestry]
    77 | D:1      | Reached XP level 2. HP: 9/24 MP: 2/2
   576 | D:2      | Reached XP level 3. HP: 11/29 MP: 0/3
   583 | D:2      | HP: 1/29 [gnoll (5)]
   927 | D:2      | Reached XP level 4. HP: 37/37 MP: 4/4
   950 | D:2      | Reached skill level 1 in Dodging
  1355 | D:3      | Found a bloodstained altar of Trog.
  1395 | D:3      | Reached XP level 5. HP: 33/42 MP: 5/5
  1534 | D:3      | Noticed a wizard
  1540 | D:3      | Killed a wizard
  1791 | D:4      | Found a stormy altar of Qazlal.
  1799 | D:4      | Noticed Natasha
  1810 | D:4      | Killed Natasha
  2063 | D:4      | Gained mutation: You are partially covered in rugged brown scales. (AC +1, +3% HP) [demonic ancestry]
  2063 | D:4      | Reached XP level 6. HP: 12/49 MP: 3/6
  2295 | D:4      | Noticed Natasha
  2300 | D:4      | Killed Natasha
  2309 | D:4      | Found a staircase to the Ecumenical Temple.
  2677 | D:4      | Found an oddly glowing altar of Pakellas.
  2678 | D:4      | Noticed a sphinx
  3009 | D:5      | Entered Level 5 of the Dungeon
  3009 | D:5      | Noticed a sky beast
  3012 | D:5      | Reached skill level 4 in Shields
  3012 | D:5      | Reached XP level 7. HP: 40/56 MP: 7/7
  3031 | D:4      | Gained mutation: You have an increased reservoir of magic. (+10% MP) [mutagenic meat]
  3034 | D:4      | Gained mutation: You are dopey. (Int -2) [mutagenic meat]
  3037 | D:4      | Gained mutation: You are very dopey. (Int -4) [mutagenic meat]
  3043 | D:4      | Gained mutation: Your body sometimes deteriorates upon taking damage. [mutagenic meat]
  3060 | D:5      | Found a deep blue altar of Sif Muna.
  3281 | D:5      | Identified Sif Muna's Collected Works on Talismans
  3317 | D:6      | Found a sparkling altar of Nemelex Xobeh.
  3341 | D:6      | Reached skill level 5 in Fighting
  3341 | D:6      | Gained mutation: You have a pair of horns on your head. [demonic ancestry]
  3341 | D:6      | Reached XP level 8. HP: 45/63 MP: 6/8
  3410 | D:5      | HP: 2/63 [gnoll/halberd (5)]
  4259 | D:6      | Reached skill level 5 in Shields
  4547 | D:6      | Reached skill level 5 in Armour
  4850 | D:7      | Gained mutation: You are partially covered in sharp spines. [demonic ancestry]
  4850 | D:7      | Reached XP level 9. HP: 54/71 MP: 9/9
  4872 | D:7      | HP: 3/71 [orc warrior/glaive (4)]
  4876 | D:7      | Reached skill level 5 in Polearms
  4876 | D:7      | Reached skill level 5 in Dodging
  5286 | D:7      | Reached skill level 6 in Shields
  5369 | D:7      | Found an iron altar of Okawaru.
  5381 | D:7      | Became a worshipper of Warmaster Okawaru
  5597 | D:7      | Noticed Prince Ribbit
  5605 | D:7      | Killed Prince Ribbit
  5631 | D:7      | Found a hazy altar of Hepliaklqana.
  5638 | D:7      | Found an ancient bone altar of Kikubaaqudgha.
  5968 | D:8      | Reached * piety under Okawaru
  6040 | D:8      | Reached skill level 1 in Stealth
  6455 | D:9      | Found an opulent altar of Gozag.
  6487 | D:9      | Found a staircase to the Orcish Mines.
  6529 | D:9      | Reached XP level 10. HP: 54/79 MP: 8/11
  6552 | D:9      | Reached ** piety under Okawaru
  6556 | D:9      | Reached skill level 7 in Shields
  6753 | D:9      | Found a staircase to the Lair.
  6792 | D:9      | Gained mutation: You have a considerably increased reservoir of magic. (+20% MP) [potion of mutation]
  6792 | D:9      | Lost mutation: Your body sometimes deteriorates upon taking damage. [potion of mutation]
  7227 | D:9      | Reached *** piety under Okawaru
  7490 | D:10     | Entered Level 10 of the Dungeon
  7550 | D:10     | Noticed a hill giant
  7734 | D:10     | Killed a hill giant
  8073 | D:10     | Reached **** piety under Okawaru
  8073 | D:10     | Reached skill level 8 in Shields
  8076 | D:10     | Noticed Josephine
  8308 | D:11     | Noticed Duffy's ghost (journeyman MiGl)
  8327 | D:11     | Noticed a four-headed hydra
  8610 | D:10     | HP: 4/81 [vampire (4)]
  8611 | D:10     | Slain by a vampire

Vault maps used:
D:1:      lemuel_arrival_muddy
D:3:      serial_undead, serial_undead_e, serial_undead_a, serial_undead_b,
          serial_undead_f, trog_wizard
D:4:      grunt_qazlal_clouds, grunt_ministairs_5,
          gammafunk_pakellas_spire_experiment, uniq_natasha
D:5:      led_sif_book, first_bread, minmay_misc_feat_plants,
          kennysheep_generic_room_10
D:6:      nemelex_xobeh_ov_fountains_minmay, grunt_decor_one_mirror,
          kennysheep_small_square
D:7:      amethyst_overflow_temple_binary, kennysheep_okawaru_gauntlet,
          uniq_crazy_yiuf_cottage, uniq_prince_ribbit1
D:9:      minmay_lair_entry_grove, orc_0_dummy, hangedman_pestilent_swarm,
          nicolae_gozag_seed_capital
D:10:     minmay_diamond_stairs, uniq_josephine
D:11:     minivault_26

Skill      XL: |  1  2  3  4  5  6  7  8  9 10 |
---------------+-------------------------------+-----
Shields        | 3 4 5 6 8 |  8.0
Polearms       | 2 3 4 6 |  6.8
Armour         | 3 4 5 6 7 |  7.2
Dodging        | 1 2 3 4 6 7 |  7.2
Fighting       | 4 5 6 7 |  7.5
Stealth        | 1 2 |  2.0

Action                   |  1- 3 |  4- 6 |  7- 9 | 10-12 || total
-------------------------+-------+-------+-------+-------++-------
Melee: Trident           |    93 |   250 |   615 |   316 ||  1274
       Headbutt          |    12 |    39 |    87 |    64 ||   202
Invok: Heroism           |       |       |       |     1 ||     1
Evoke: Wand              |       |       |       |     3 ||     3
  Use: Potion            |       |     7 |     8 |     9 ||    24
       Scroll            |       |       |     7 |       ||     7
 Stab: Invisible         |       |       |       |     2 ||     2
  Eat: Bread ration      |       |     1 |       |       ||     1
       Chunk             |       |     2 |    20 |     4 ||    26
       Beef jerky        |       |     1 |       |       ||     1
       Fruit             |       |       |     1 |     1 ||     2
       Royal jelly       |       |       |       |     1 ||     1
Armor: Scale mail        |    26 |    92 |   181 |    51 ||   350
Dodge: Dodged            |    26 |    74 |   186 |    98 ||   384
Block: Shield            |    32 |   105 |   287 |   174 ||   598
